Map: Blackburn LE

Players

ShoWTimE

  • Race: Protoss Protoss

Reynor - Winner!

  • Race: Zerg Zerg

Event: DreamHack SC2 Masters 2021 Fall

VOD

Have the link to the VOD?

Description

Time

  • Played on: Aug. 8, 2021, 10:33 a.m.
  • Length: 30:27

All games in this series

Show
View Real Time Build Order
Export as new Build Order

ShoWTimE Protoss 

Build Orders: 1 Gate Expand, Oracle Opening, Carriers 

Get SALT Encoding   

  12  0:00  Probe  
  13  0:12  Probe  
  14  0:20  Pylon  
  14  0:24  Probe  
  15  0:38  Probe (Chrono Boost)  
  15  0:41  Gateway  
  16  0:47  Probe (Chrono Boost)  
  17  0:50  Assimilator  
  17  0:52  Probe (Chrono Boost)  
  19  1:04  Probe  
  19  1:16  Probe  
  20  1:27  Nexus  
  20  1:37  Cybernetics Core  
  20  1:40  Probe  
  20  1:46  Assimilator  
  21  1:52  Probe  
  22  1:56  Pylon  
  22  2:04  Probe (Chrono Boost)  
  23  2:13  Adept  
  26  2:16  Probe (Chrono Boost)  
  26  2:21  Stargate  
  26  2:22  Probe (Chrono Boost)  
  26  2:27  Warp Gate  
  27  2:30  Probe (Chrono Boost)  
  28  2:41  Probe x2 (Chrono Boost)  
  28  2:43  Adept  
  32  2:48  Probe (Chrono Boost)  
  32  2:49  Probe (Chrono Boost)  
  34  2:53  Probe (Chrono Boost)  
  34  2:57  Void Ray (Chrono Boost), Probe  
  36  3:05  Probe  
  41  3:09  Probe  
  42  3:13  Pylon  
  42  3:17  Probe  
  43  3:22  Gateway, Probe  
  44  3:29  Probe  
  44  3:32  Oracle  
  48  3:34  Probe  
  49  3:41  Probe  
  49  3:46  Probe  
  51  3:51  Nexus  
  51  3:54  Pylon  
  51  3:56  Probe  
  51  3:58  Probe  
  51  4:00  Assimilator  
  51  4:02  Assimilator  
  53  4:08  Probe (Chrono Boost)  
  53  4:09  Pylon  
  54  4:15  Void Ray  
  55  4:17  Probe (Chrono Boost)  
  55  4:19  Probe (Chrono Boost)  
  61  4:24  Probe (Chrono Boost)  
  61  4:25  Probe (Chrono Boost)  
  61  4:28  Pylon  
  61  4:30  Protoss Air Weapons Level 1  
  62  4:34  Stargate, Probe (Chrono Boost)  
  62  4:37  Probe (Chrono Boost)  
  64  4:41  Forge  
  64  4:46  Probe (Chrono Boost)  
  64  4:48  Pylon  
  66  4:53  Void Ray, Probe (Chrono Boost)  
  66  4:54  Probe (Chrono Boost)  
  71  5:01  Probe (Chrono Boost)  
  71  5:03  Probe (Chrono Boost)  
  71  5:04  Probe (Chrono Boost)  
  74  5:09  Robotics Facility  
  74  5:12  Void Ray, Probe (Chrono Boost)  
  74  5:13  Probe (Chrono Boost)  
  77  5:16  Probe (Chrono Boost)  
  77  5:17  Probe (Chrono Boost)  
  77  5:18  Probe (Chrono Boost)  
  83  5:24  Probe  
  83  5:25  Pylon  
  83  5:27  Probe  
  85  5:31  Void Ray  
  85  5:33  Photon Cannon  
  85  5:35  Probe  
  85  5:39  Pylon  
  85  5:41  Probe  
  85  5:42  Probe  
  92  5:46  Assimilator  
  92  5:48  Assimilator, Probe  
  93  5:52  Void Ray  
  93  5:53  Probe  
  93  5:55  Probe  
  93  5:56  Pylon  
  95  5:59  Observer  
  95  6:03  Gateway  
  100  6:07  Gateway x2  
  100  6:13  Probe  
  101  6:19  Fleet Beacon  
  101  6:21  Stargate  
  101  6:26  Probe  
  101  6:27  Robotics Bay  
  102  6:36  Zealot x2  
  103  6:43  Pylon  
  103  6:47  Nexus  
  103  6:48  Probe  
  103  6:49  Probe x2  
  103  6:50  Pylon  
  103  6:52  Photon Cannon  
  106  7:00  Observer  
  106  7:04  Photon Cannon  
  106  7:05  Carrier x2 (Chrono Boost)  
  118  7:12  Carrier (Chrono Boost)  
  118  7:14  Photon Cannon  
  124  7:16  Probe x2  
  124  7:17  Probe  
  124  7:20  Shield Battery  
  127  7:25  Assimilator, Pylon  
  127  7:29  Photon Cannon  
  127  7:30  Assimilator  
  127  7:36  Probe x3  
  130  7:38  Photon Cannon  
  130  7:44  Zealot x2  
  130  7:50  Observer  
  128  7:52  Observer  
  128  7:54  Photon Cannon  
  128  7:56  Pylon, Probe x2, Carrier (Chrono Boost)  
  128  7:57  Probe  
  137  8:06  Carrier  
  143  8:14  Immortal (Chrono Boost)  
  143  8:16  Twilight Council  
  149  8:22  Protoss Ground Weapons Level 1  
  149  8:23  Protoss Air Weapons Level 2 (Chrono Boost)  
  149  8:24  Pylon  
  147  8:28  Forge  
  147  8:36  Gateway  
  147  8:37  Carrier  
  147  8:38  Gateway  
  147  8:40  Gateway  
  153  8:44  Shield Battery  
  153  8:47  Immortal (Chrono Boost)  
  157  8:55  Charge (Chrono Boost)  
  157  8:59  Pylon  
  157  9:01  Templar Archives  
  157  9:02  Protoss Shields Level 1 (Chrono Boost)  
  157  9:04  Carrier  
  163  9:21  Carrier  
  165  9:25  Immortal (Chrono Boost)  
  165  9:29  Pylon  
  169  9:38  Photon Cannon  
  169  9:40  High Templar  
  169  9:41  High Templar  
  173  9:46  Archon  
  173  9:48  High Templar x2  
  173  9:51  Zealot x4  
  173  9:52  Nexus  
  185  9:53  Archon  
  185  9:54  Pylon  
  185  10:03  Warp Prism  
  185  10:04  Probe  
  185  10:05  Probe  
  185  10:06  Probe  
  176  10:08  Probe  
  172  10:15  Zealot x6  
  172  10:16  Probe  
  172  10:17  Probe  
  172  10:18  Probe  
  185  10:28  High Templar x2  
  185  10:33  Protoss Air Weapons Level 3 (Chrono Boost), Photon Cannon, Archon  
  185  10:34  Photon Cannon  
  189  10:36  Photon Cannon, High Templar x3  
  189  10:38  Shield Battery  
  189  10:40  Pylon, Archon  
  195  10:42  High Templar  
  195  10:44  Photon Cannon  
  195  10:46  Protoss Ground Weapons Level 2 (Chrono Boost), Gateway  
  195  10:47  Archon  
  195  10:48  Gateway  
  184  11:06  Probe (Chrono Boost)  
  184  11:10  High Templar x2  
  184  11:11  Probe x3 (Chrono Boost)  
  184  11:15  Archon  
  184  11:17  Probe (Chrono Boost)  
  185  11:20  Probe x2 (Chrono Boost)  
  185  11:21  Probe x2 (Chrono Boost)  
  185  11:24  Probe (Chrono Boost)  
  189  11:25  Probe x3 (Chrono Boost)  
  189  11:28  Probe  
  181  11:35  High Templar x3, Probe  
  181  11:37  Probe x3  
  185  11:40  Probe  
  185  11:41  High Templar x4  
  192  11:47  Probe  
  192  11:49  Probe x3  
  192  11:50  Assimilator  
  192  11:52  Assimilator  
  193  11:57  Zealot x3  
  199  12:01  Warp Prism  
  199  12:03  Gravitic Drive  
  179  12:25  Zealot x10  
  195  12:39  Psionic Storm  
  191  12:52  Protoss Shields Level 2 (Chrono Boost)  
  191  12:54  Void Ray (Chrono Boost)  
  191  13:00  Protoss Air Armor Level 1 (Chrono Boost)  
  191  13:04  Flux Vanes, Void Ray x2 (Chrono Boost)  
  183  13:08  Nexus  
  183  13:09  Pylon  
  183  13:11  Stargate  
  183  13:12  Stargate  
  181  13:14  Zealot x4  
  181  13:15  Zealot x5  
  195  13:43  Stalker x2  
  195  13:44  Probe  
  195  13:47  Probe  
  199  13:50  Probe  
  185  14:02  High Templar x3  
  183  14:11  Zealot x7  
  183  14:12  Protoss Ground Weapons Level 3 (Chrono Boost)  
  183  14:15  Probe  
  183  14:16  Probe x2  
  195  14:17  Probe x2  
  188  14:28  Probe x2  
  189  14:33  Immortal (Chrono Boost)  
  189  14:37  Nexus  
  193  14:40  Pylon  
  193  14:43  Photon Cannon  
  193  14:48  Pylon, Photon Cannon  
  193  14:50  Photon Cannon  
  193  14:52  Photon Cannon  
  193  14:59  Zealot x3  
  199  15:05  Photon Cannon, Protoss Air Armor Level 2 (Chrono Boost)  
  199  15:07  Shield Battery  
  199  15:09  Gravitic Boosters (Chrono Boost)  
  199  15:10  Observer (Chrono Boost)  
  194  15:31  Zealot x3  
  200  15:36  Tempest x2 (Chrono Boost)  
  200  15:42  Probe  
  183  15:46  Tempest x2 (Chrono Boost)  
  181  15:50  Probe x2  
  181  15:51  Probe x2  
  181  15:54  Probe  
  184  16:02  Probe  
  184  16:03  Probe x2  
  187  16:05  Tempest  
  187  16:07  Probe x2  
  194  16:11  High Templar x3  
  194  16:15  Archon  
  194  16:18  Assimilator  
  200  16:19  Assimilator  
  200  16:30  Pylon  
  200  16:35  Nexus  
  200  16:36  Protoss Shields Level 3 (Chrono Boost)  
  200  16:37  Pylon  
  196  17:13  Pylon  
  196  17:14  Tempest (Chrono Boost), Oracle (Chrono Boost)  
  196  17:16  Pylon  
  196  17:21  Photon Cannon  
  199  17:23  Photon Cannon  
  199  17:24  Photon Cannon  
  199  17:27  Photon Cannon  
  199  17:30  Shield Battery  
  199  17:31  Shield Battery  
  199  17:32  Shield Battery  
  199  17:33  Protoss Ground Armor Level 1 (Chrono Boost), Shield Battery  
  199  17:34  Probe  
  199  17:35  Assimilator  
  200  17:37  Shield Battery  
  200  17:45  Protoss Air Armor Level 3 (Chrono Boost)  
  200  18:10  Shield Battery  
  200  18:12  Shield Battery  
  200  18:13  Shield Battery  
  200  18:17  Shield Battery  
  200  18:25  Shield Battery  
  200  18:27  Shield Battery  
  196  18:45  Unknown  
  196  18:54  Void Ray (Chrono Boost), High Templar x2  
  190  18:56  Void Ray (Chrono Boost)  
  190  18:58  Archon  
  190  19:02  Stalker x4  
  158  19:10  Void Ray x3 (Chrono Boost)  
  146  19:25  High Templar x5  
  146  19:27  Tempest (Chrono Boost)  
  146  19:29  Warp Prism (Chrono Boost)  
  165  19:32  Void Ray (Chrono Boost)  
  167  19:42  Void Ray x3 (Chrono Boost)  
  179  19:54  Void Ray (Chrono Boost)  
  179  19:56  Zealot x2  
  179  19:57  Zealot x2  
  179  19:59  Void Ray (Chrono Boost)  
  187  20:03  Immortal  
  191  20:13  Stalker  
  175  20:18  Void Ray x2 (Chrono Boost)  
  175  20:20  Void Ray (Chrono Boost)  
  187  20:22  Void Ray (Chrono Boost)  
  187  20:26  Void Ray (Chrono Boost)  
  187  20:33  Photon Cannon  
  187  20:35  Photon Cannon  
  195  20:36  Photon Cannon  
  195  20:37  Archon x2  
  195  20:40  High Templar x2  
  199  20:57  Observer (Chrono Boost)  
  200  21:11  Protoss Ground Armor Level 2 (Chrono Boost)  
  200  22:00  Tempest (Chrono Boost)  
  200  22:01  Tempest (Chrono Boost)  
  187  22:05  Tempest (Chrono Boost)  
  187  22:06  Tempest x2 (Chrono Boost)  
  197  22:12  High Templar x3  
  161  22:27  Zealot x4, Warp Prism (Chrono Boost)  
  161  22:29  Void Ray (Chrono Boost)  
  169  22:30  Void Ray x4 (Chrono Boost)  
  169  22:31  High Templar x2  
  195  22:56  Nexus  
  195  22:57  Pylon  
  195  22:59  Void Ray  
  199  23:13  Pylon  
  199  23:21  Shield Battery  
  199  23:23  Shield Battery  
  199  23:24  Shield Battery  
  199  23:27  Photon Cannon  
  199  23:28  Photon Cannon  
  199  23:29  Observer (Chrono Boost)  
  199  23:30  Photon Cannon  
  200  23:37  Pylon  
  200  23:39  Shield Battery  
  189  24:07  High Templar x4  
  189  24:10  Zealot x5  
  189  24:11  Archon  
  199  24:21  Archon  
  199  24:24  Nexus  
  199  24:46  Nexus  
  199  24:47  Pylon  
  184  25:19  Tempest (Chrono Boost)  
  182  25:22  Carrier (Chrono Boost)  
  182  25:23  Shield Battery  
  182  25:25  Shield Battery  
  196  25:29  Tempest (Chrono Boost)  
  192  25:35  Photon Cannon  
  192  25:37  Photon Cannon  
  192  25:43  Zealot  
  192  25:51  Assimilator  
  192  25:55  Assimilator  
  188  26:34  Zealot x4  
  188  26:37  Probe (Chrono Boost)  
  199  26:46  Probe (Chrono Boost)  
  198  26:51  Probe (Chrono Boost)  
  198  26:52  Robotics Facility  
  192  27:20  Probe x2  
  192  27:21  Probe x2  
  174  27:29  High Templar x5  
  184  27:30  High Templar  
  184  27:32  Probe x2  
  184  27:33  Archon x2, Probe  
  184  27:34  Probe  
  184  27:35  Archon  
  188  27:44  Probe  
  188  27:45  Probe  
  188  27:49  Pylon  
  188  27:50  Observer (Chrono Boost)  
  191  27:51  Pylon  
  191  27:56  Zealot x2  
  182  28:03  Tempest  
  176  28:12  Zealot x6  
  182  28:37  High Templar x4  
  182  28:38  High Templar x4  
  198  28:42  Archon x2  
  198  28:44  Archon  
Show
View Real Time Build Order
Export as new Build Order

Reynor Zerg - Winner!

Build Orders: Hatch First 

Get SALT Encoding   

  12  0:00  Drone  
  13  0:12  Overlord  
  13  0:17  Drone  
  14  0:30  Drone  
  14  0:31  Drone  
  16  0:43  Drone  
  17  0:51  Hatchery  
  17  0:55  Drone  
  17  0:57  Drone  
  18  1:08  Extractor  
  17  1:13  Spawning Pool  
  17  1:16  Drone  
  17  1:19  Drone  
  18  1:27  Drone  
  19  1:38  Drone  
  20  1:48  Overlord  
  20  2:00  Queen  
  22  2:03  Queen  
  22  2:04  Zergling x4  
  26  2:10  Drone  
  26  2:12  Metabolic Boost  
  26  2:14  Drone  
  28  2:22  Drone  
  29  2:25  Drone  
  30  2:35  Hatchery  
  29  2:38  Drone  
  29  2:41  Drone  
  31  2:47  Queen  
  33  2:52  Overlord  
  33  2:54  Drone  
  33  2:56  Drone  
  35  2:59  Drone  
  36  3:10  Queen, Drone  
  36  3:11  Drone  
  40  3:15  Overlord  
  40  3:20  Zergling x2  
  40  3:24  Queen  
  40  3:26  Drone  
  44  3:31  Overlord  
  44  3:36  Zergling x2  
  44  3:40  Overlord  
  45  3:47  Drone x2  
  45  3:48  Drone  
  47  3:49  Zergling x2  
  47  3:50  Queen  
  47  3:51  Drone  
  47  3:53  Queen  
  53  3:55  Drone  
  53  3:58  Drone  
  53  4:01  Drone  
  56  4:06  Drone  
  56  4:09  Drone  
  58  4:11  Spore Crawler  
  58  4:12  Drone x4  
  58  4:14  Drone  
  58  4:15  Drone  
  63  4:18  Overlord  
  63  4:21  Drone x2  
  65  4:27  Overlord  
  65  4:36  Overlord  
  65  4:37  Drone x3  
  65  4:38  Roach Warren  
  67  4:40  Lair  
  67  4:45  Queen  
  69  4:47  Drone  
  69  4:49  Drone  
  69  4:50  Drone x2  
  73  4:53  Drone x3  
  73  4:55  Drone  
  73  4:56  Extractor, Drone  
  73  4:58  Drone  
  78  5:06  Drone x4  
  82  5:09  Extractor  
  82  5:11  Evolution Chamber  
  80  5:17  Zergling x8  
  80  5:19  Overlord  
  83  5:29  Drone x6  
  83  5:32  Hatchery, Overlord  
  83  5:34  Drone x2  
  89  5:36  Extractor, Queen  
  89  5:38  Drone x4  
  89  5:40  Overseer  
  94  5:43  Zerg Melee Weapons Level 1  
  94  5:45  Overlord  
  94  5:46  Drone x2  
  94  5:47  Extractor  
  94  5:49  Extractor  
  94  5:50  Queen  
  96  6:02  Queen, Evolution Chamber  
  96  6:04  Overlord  
  97  6:12  Drone  
  97  6:13  Drone x12  
  110  6:19  Queen  
  110  6:21  Overlord  
  110  6:23  Spore Crawler  
  111  6:25  Spore Crawler  
  111  6:28  Zerg Ground Armor Level 1  
  111  6:32  Infestation Pit  
  109  6:33  Drone  
  109  6:34  Drone x3  
  109  6:36  Overlord  
  113  6:40  Hatchery  
  113  6:43  Drone  
  113  6:44  Baneling Nest  
  112  6:48  Queen  
  114  6:55  Queen, Zergling x16  
  124  7:03  Overlord  
  124  7:05  Zergling x14  
  124  7:06  Zergling x2  
  133  7:08  Drone x2  
  133  7:10  Hive  
  133  7:11  Drone  
  135  7:16  Overlord  
  135  7:20  Queen  
  135  7:21  Drone x3  
  135  7:22  Drone x3  
  143  7:25  Zergling x2  
  143  7:29  Centrifical Hooks  
  144  7:30  Overlord  
  144  7:34  Drone  
  144  7:35  Drone x7  
  152  7:39  Zerg Melee Weapons Level 2  
  152  7:40  Spore Crawler  
  148  7:44  Zergling x8  
  148  7:45  Zergling x2  
  148  7:49  Zergling x4  
  147  7:52  Drone x2  
  147  7:55  Spire  
  147  7:56  Drone x2  
  147  7:57  Drone x4  
  154  7:58  Extractor, Queen  
  154  8:00  Extractor, Queen, Spire  
  154  8:02  Queen  
  154  8:03  Overlord  
  157  8:09  Zergling x18  
  166  8:25  Zerg Ground Armor Level 2  
  166  8:29  Ultralisk Cavern  
  166  8:31  Drone x3  
  166  8:32  Drone x3  
  171  8:36  Extractor  
  171  8:37  Extractor  
  171  8:39  Zergling x10  
  174  8:42  Pneumatized Carapace  
  174  8:44  Overlord x2  
  174  8:48  Adrenal Glands  
  174  8:49  Baneling x6  
  174  8:50  Hatchery  
  174  8:53  Spore Crawler x2  
  174  8:54  Spore Crawler  
  174  8:55  Spore Crawler  
  169  9:00  Overlord  
  169  9:01  Overlord  
  169  9:04  Baneling x3  
  169  9:05  Zergling x42  
  169  9:09  Baneling x4  
  190  9:10  Baneling x4  
  190  9:15  Zerg Flyer Weapons Level 1, Zerg Flyer Armor Level 1  
  190  9:18  Overlord  
  187  9:25  Viper x3  
  187  9:30  Chitinous Plating  
  194  9:33  Baneling x6  
  194  9:35  Zergling x4  
  194  9:36  Zergling x6  
  199  9:44  Spore Crawler  
  199  9:45  Spore Crawler x2  
  197  9:46  Baneling  
  197  9:47  Spore Crawler x5, Baneling x6  
  197  9:48  Spore Crawler  
  197  9:49  Drone  
  197  9:50  Drone x7  
  198  9:57  Spore Crawler  
  198  9:58  Spore Crawler x2  
  198  9:59  Spore Crawler x2  
  184  10:20  Corruptor x11  
  192  10:30  Overlord  
  192  10:34  Zergling x4  
  192  10:35  Zergling x2  
  195  10:38  Overseer  
  195  10:47  Overlord  
  195  10:53  Corruptor x2  
  192  11:08  Ultralisk x2  
  198  11:11  Zergling x4  
  198  11:13  Baneling x10  
  200  11:21  Zerg Ground Armor Level 3  
  200  11:22  Zerg Melee Weapons Level 3  
  200  11:33  Baneling x17  
  200  11:47  Baneling x6  
  198  11:59  Zerg Flyer Weapons Level 2  
  198  12:00  Greater Spire  
  185  12:23  Corruptor x6  
  185  12:27  Baneling x9  
  187  12:43  Zergling x34  
  193  12:59  Zergling x20  
  192  13:08  Baneling  
  192  13:09  Baneling x22  
  192  13:11  Viper x2  
  198  13:25  Hatchery  
  192  13:42  Brood Lord x3  
  193  13:52  Drone x2  
  179  13:58  Brood Lord x2  
  183  14:05  Corruptor  
  183  14:06  Corruptor x7  
  199  14:12  Spore Crawler  
  199  14:13  Spore Crawler x2  
  199  14:14  Spore Crawler x2  
  192  14:21  Hatchery  
  186  14:24  Zergling x2  
  186  14:25  Zergling x28  
  194  14:34  Zerg Flyer Armor Level 2, Zerg Flyer Weapons Level 3, Corruptor  
  194  14:35  Corruptor x2  
  200  14:50  Baneling x3  
  200  14:51  Baneling x8  
  200  14:57  Hatchery  
  199  15:02  Zergling x2  
  200  15:11  Overseer  
  200  15:12  Overseer x2  
  193  15:40  Zergling x20  
  199  15:56  Hatchery, Ultralisk  
  197  15:59  Overlord  
  197  16:11  Baneling x7  
  197  16:17  Spore Crawler  
  196  16:20  Spine Crawler  
  195  16:29  Corruptor x2  
  195  16:30  Hatchery  
  198  16:36  Overlord  
  184  16:54  Corruptor x8  
  195  17:08  Viper  
  198  17:18  Zerg Flyer Armor Level 3  
  198  17:19  Extractor x2  
  198  17:21  Drone  
  198  17:22  Drone x2  
  199  17:32  Overseer x2  
  199  17:33  Overseer  
  199  17:38  Spore Crawler  
  199  17:39  Spore Crawler x2  
  199  17:40  Spore Crawler  
  199  17:43  Zergling x8  
  199  18:02  Zergling x2  
  199  18:03  Zergling x10  
  199  18:13  Overseer x2  
  199  18:19  Baneling  
  199  18:20  Baneling x6  
  167  19:05  Corruptor x12  
  167  19:07  Zergling x32  
  160  19:31  Brood Lord x2  
  164  19:32  Overlord  
  164  19:33  Overlord x2  
  164  19:50  Corruptor  
  163  19:59  Viper x4  
  132  20:14  Corruptor x8  
  132  20:21  Brood Lord x3  
  152  20:23  Brood Lord x5  
  152  20:26  Corruptor  
  164  20:41  Corruptor  
  164  20:42  Corruptor x2  
  170  21:00  Ultralisk  
  170  21:01  Ultralisk  
  182  21:10  Ultralisk  
  188  21:22  Overlord  
  188  21:38  Overlord  
  182  21:43  Zergling x8  
  180  21:48  Overlord  
  170  22:02  Zergling x16  
  170  22:05  Overlord  
  178  22:14  Corruptor x7  
  191  22:44  Lair  
  191  22:47  Extractor, Drone x6  
  191  22:48  Extractor  
  195  22:53  Drone  
  196  23:03  Hatchery  
  190  24:13  Zergling x2  
  190  24:14  Zergling x16  
  199  24:35  Hive  
  196  24:48  Corruptor  
  186  25:09  Zergling x2  
  186  25:10  Zergling x26  
  200  25:30  Extractor x2  
  198  25:41  Infestor  
  178  26:29  Corruptor x4  
  178  26:30  Corruptor x2  
  182  26:32  Zergling x2  
  182  26:33  Zergling x20  
  182  26:38  Queen  
  186  26:40  Queen  
  186  26:41  Ultralisk Cavern  
  187  26:48  Zergling x10  
  187  27:21  Zergling x2  
  187  27:22  Zergling x22  
  188  27:32  Ultralisk  
  194  27:49  Zergling x8  
  194  27:50  Zergling x2  
  188  28:07  Viper x2  
  190  28:22  Viper  
  190  28:25  Infestor x3  
  193  28:31  Drone x2  
  185  28:42  Zergling x22  
  163  29:33  Corruptor x6  

Tags
 
Add a new tag
Caveats
  • Supply blocks, unpowered buildings, or Contaminate may cause inaccurate times.
  • Supply counts are checked every 10 seconds.